 Dungeon Crawl Stone Soup version 0.31-a0-675-g238779eb0a (webtiles) character file.

Game seed: 7595108036359069708

91 qw the Shooter (level 4, -10/28 HPs)
             Began as a Gargoyle Hunter on Sept 5, 2023.
             Mangled by a wight
             ... wielding a +3 halberd of freezing
              (14 damage)
             ... on level 3 of the Dungeon.
             The game lasted 00:00:38 (1481 turns).

qw the Shooter (Gargoyle Hunter)                    Turns: 1481, Time: 00:00:38

Health: -10/28     AC:  8    Str: 14    XL:     4   Next: 57%
Magic:  4/4        EV: 10    Int: 10    God:
Gold:   111        SH:  0    Dex: 15    Spells: 3/3 levels left

rFire   . . .        Y - +0 shortbow
rCold   . . .        (shield currently unavailable)
rNeg    + . .        g - +0 ring mail
rPois   inf          (no helmet)
rElec   +            (no cloak)
rCorr   .            (no gloves)
SInv    .            (no boots)
Will    .....        (no amulet)
Stlth   +            (no ring)
HPRegen 0.24/turn    (no ring)
MPRegen 0.09/turn

%: no passive effects
@: no status effects
A: sickness immunity, AC +3, negative energy resistance 1, electricity
resistance, torment resistance 1, petrification resistance
a: no special abilities


You were on level 3 of the Dungeon.
You visited 1 branch of the dungeon, and saw 3 of its levels.

You collected 111 gold pieces.


Innate Abilities, Weirdness & Mutations

You are immune to sickness and miasma.
Your stone body is resilient. (AC +3)
You are immune to poison.
You resist negative energy. (rN+)
You are resistant to electric shocks. (rElec)
You are resistant to unholy torment.
You are immune to petrification.


   Skills:
 - Level 3.0 Fighting
 + Level 5.3 Ranged Weapons
 - Level 1.0 Armour
 - Level 1.5 Dodging
 - Level 1.1 Stealth


You had 3 spell levels left.
You didn't know any spells.
Your spell library was empty.

Inventory:

Hand Weapons
 Y - a +0 shortbow (weapon)
Armour
 g - a +0 ring mail (worn)
Jewellery
 b - an amulet of magic regeneration
Scrolls
 a - a scroll of identify
Potions
 c - a potion of haste
 f - a potion of magic {unknown}
 h - 2 potions of mutation {unknown}

Dungeon Overview and Level Annotations

Branches:
Dungeon (3/15)

Altars:


Message History

You kill the orc!
You shoot an arrow. The arrow hits the orc.
You kill the orc!
You shoot an arrow. The arrow barely misses the orc.
You shoot an arrow. The arrow hits the orc!
You kill the orc!
Things that are here:
a +0 mace; a +0 hand axe
Things that are here:
a +0 dagger of venom; a +0 leather armour
Things that are here:
a +0 dagger; a +0 leather armour; an orc corpse An orc comes into view.
It is wielding a +0 club.
You shoot an arrow. The orc shouts!
The arrow hits the orc!
You kill the orc!
Things that are here:
a +0 club; a +0 ring mail A wight comes into view.
It is wielding a +3 hand axe of freezing.
You shoot an arrow. The arrow hits the wight.
The wight is moderately damaged.
A wight comes into view.
It is wielding a +3 halberd of freezing.
You shoot an arrow.
The arrow hits the wight but does no damage.
You shoot an arrow. The arrow barely misses the wight.
The wight barely misses you.
You shoot an arrow. The arrow hits the wight.
The wight is lightly damaged.
The wight hits you from afar with a +3 halberd of freezing!
The wight freezes you. The wight barely misses you.
You shoot an arrow. The arrow closely misses the wight.
The wight hits you from afar with a +3 halberd of freezing.
The wight freezes you.
You shoot an arrow.
The arrow hits the wight but does no damage.
The wight is lightly damaged.
The wight hits you from afar with a +3 halberd of freezing!
Ouch! That really hurt!
You die...

##.....##
#)#####..#
##...##
#)# #..#
##+## #)#
###..# #.#
#....#
#.###.##.#
#.)......#
#####.####
#.# #@#
....zz..#
....#####
..


You could see 2 wights.

Vanquished Creatures
  A gnoll (D:3)
  3 adders
  A worm (D:2)
  2 dart slugs
  5 orcs (D:3)
  3 ball pythons
  5 bats
  5 endoplasms
  3 giant cockroaches
  A goblin (D:2)
  3 hobgoblins
  A jackal (D:3)
  A frilled lizard (D:2)
  2 kobolds
  6 rats
42 creatures vanquished.

Notes
Turn   | Place    | Note
-------+----------+-------------------------------------------
     0 | D:1      | qw the Gargoyle Hunter began the quest for the Orb.
     0 | D:1      | Reached XP level 1. HP: 12/12 MP: 1/1
     0 | D:1      | 0 ||| qw: Version: 0.3-a-75-g829b12e
     0 | D:1      | 0 ||| qw: Game counter: 34
     0 | D:1      | 0 ||| qw: Melee chars always use a shield: true
     0 | D:1      | 0 ||| qw: God list: Okawaru
     0 | D:1      | 0 ||| qw: Allow faded altars: false
     0 | D:1      | 0 ||| qw: Do Orc after clearing Dungeon:15 true
     0 | D:1      | 0 ||| qw: Do second Lair branch before Depths: true
     0 | D:1      | 0 ||| qw: Lair rune preference: random
     0 | D:1      | 0 ||| qw: Goals: Normal
     0 | D:1      | 0 ||| PLANNING D:1-11
   232 | D:1      | Reached XP level 2. HP: 10/17 MP: 2/2
   402 | D:1      | Found a faded altar of an unknown god.
   638 | D:1      | 638 ||| UPGRADING to +0 ring mail.
   648 | D:1      | 648 ||| DROPPING +0 leather armour.
   649 | D:1      | 649 ||| READING scroll labelled HANLOO XYNAUMA.
   650 | D:1      | 650 ||| READING scroll labelled AWASAPPOGE.
   651 | D:1      | 651 ||| READING scroll labelled VAENU SUMIWO.
   652 | D:1      | 652 ||| DROPPING scroll of butterflies.
   738 | D:2      | Reached skill level 1 in Armour
   746 | D:2      | Reached XP level 3. HP: 21/21 MP: 3/3
  1156 | D:2      | Reached skill level 5 in Ranged Weapons
  1187 | D:2      | 1187 ||| READING 3 scrolls of identify.
  1187 | D:2      | 1187 ||| IDENTIFYING bubbling ruby potion
  1188 | D:2      | 1188 ||| READING 2 scrolls of identify.
  1188 | D:2      | 1188 ||| IDENTIFYING fuming silvery potion
  1189 | D:2      | 1189 ||| DROPPING potion of brilliance.
  1342 | D:3      | Reached skill level 3 in Fighting
  1342 | D:3      | Reached XP level 4. HP: 21/28 MP: 4/4
  1480 | D:3      | HP: 7/28 [wight/+3 halberd of freezing (6)]
  1481 | D:3      | Mangled by a wight

Levels and vault maps discovered:
D:1:      pf_arrival_petrified_forest, layout_loops_ring,
          shapermc_ecumenical_altar_rom_forum
D:2:      layout_basic, wander_ebering_terrifying_dragon_lair
D:3:      layout_loops_corners, minmay_fractal_squares_diagonal_5

Skill      XL: |  1  2  3 |
---------------+----------+-----
Armour         | 1 |  1.0
Ranged Weapons | 5 |  5.3
Fighting       | 3 |  3.0
Dodging        | |  1.5
Stealth        | |  1.1

Action                     |  1- 3 |  4- 6 || total
---------------------------+-------+-------++-------
   Fire: Shortbow          |   129 |    27 ||   156
    Use: Scroll            |     5 |       ||     5
 Armour: Leather armour    |    14 |       ||    14
         Ring mail         |    60 |     6 ||    66
  Dodge: Dodged            |    65 |     6 ||    71

Table legend:
 A = Non-vault XP
 B = Vault XP
 C = Vault XP percentage of total XP
 D = Non-vault monster count
 E = Vault monster count
 F = Vault count percentage of total count
                 A         B        C        D         E       F
            +---------+---------+-------+---------+---------+-------
      Total |      83 |      47 |  36.2 |      34 |       8 |  19.0
            +---------+---------+-------+---------+---------+-------
        D:1 |      23 |       0 |   0.0 |      13 |       0 |   0.0
        D:2 |      38 |       1 |   2.6 |      12 |       1 |   7.7
        D:3 |      22 |      46 |  67.6 |       9 |       7 |  43.8
            +---------+---------+-------+---------+---------+-------
